 Dungeon Crawl Stone Soup version 0.24.0-1-gfbc8707122 (webtiles) character file.

Game seed: 7220323468941198405, levelgen mode: deterministic

7099 MTVSty1e the Basher (level 11, -6/66 HPs)
             Began as a Gargoyle Fighter on Oct 28, 2019.
             Was an Elder of Okawaru.
             Killed from afar by Maurice (15 damage)
             ... with a bolt of acid
             ... on level 11 of the Dungeon.
             The game lasted 00:15:18 (10499 turns).

MTVSty1e the Basher (Gargoyle Fighter)             Turns: 10499, Time: 00:15:20

Health: -6/66      AC: 20    Str: 23    XL:     11   Next: 10%
Magic:  11/11      EV:  4    Int:  9    God:    Okawaru [****..]
Gold:   730        SH: 14    Dex:  9    Spells: 10/10 levels left

rFire    + . .     SeeInvis .   a - +1 flail
rCold    + . .     Gourm    .   c - +0 shield
rNeg     + . .     Faith    .   H - +0 plate armour
rPois    ∞         Spirit   .   (no helmet)
rElec    +         Reflect  +   (no cloak)
rCorr    .         Harm     .   (no gloves)
MR       .....                  S - +0 pair of boots
Stlth    ..........             O - +5 amulet of reflection
HPRegen  0.21/turn              e - ring of protection from cold
MPRegen  0.12/turn              R - ring of protection from fire

@: studying Shields
A: frail 1, negative energy resistance 1, electricity resistance, unbreathing,
evolution 1, petrification resistance, rot immunity, AC +8
a: Heroism, Renounce Religion


You were on level 11 of the Dungeon.
You worshipped Okawaru.
Okawaru was greatly pleased with you.
You were not hungry.

You visited 2 branches of the dungeon, and saw 12 of its levels.

You collected 730 gold pieces.

Inventory:

Hand Weapons
 a - a +1 flail (weapon)
Armour
 c - a +0 shield (worn)
 H - a +0 plate armour (worn)
 S - a +0 pair of boots (worn)
Jewellery
 e - a ring of protection from cold (left hand)
 q - an uncursed amulet of the acrobat
 t - an uncursed ring of wizardry
 y - an uncursed amulet of faith
 K - an uncursed ring of poison resistance {unknown}
 O - a +5 amulet of reflection (around neck)
 R - a ring of protection from fire (right hand)
Wands
 r - a wand of acid (8)
 s - a wand of iceblast (5)
 C - a wand of flame (40)
 E - a wand of random effects (62)
 F - a wand of scattershot (4)
 M - a wand of paralysis (19)
Scrolls
 g - 5 scrolls of teleportation
 j - 8 scrolls of immolation
 l - 4 scrolls of remove curse
 m - 2 scrolls of identify
 v - 2 scrolls of blinking
 w - 3 scrolls of fear
 B - 3 scrolls of enchant armour
 D - 3 scrolls of amnesia
 I - a scroll of enchant weapon
 J - 2 scrolls of magic mapping
Potions
 d - 3 potions of flight
 h - 2 potions of cancellation
 i - a potion of brilliance
 k - a potion of ambrosia {unknown}
 n - 2 potions of magic
 p - 3 potions of invisibility
 u - 2 potions of curing
 x - 2 potions of lignification
 A - 2 potions of might
 G - a potion of mutation
 L - a potion of agility
 N - 2 potions of berserk rage {unknown}
 P - a potion of haste {unknown}
 Q - a potion of heal wounds {unknown}
Books
 z - a manual of Shields
Comestibles
 f - 14 rations


   Skills:
 + Level 11.0 Fighting
 * Level 13.3 Maces & Flails
 - Level 3.2 Armour
 - Level 3.2 Shields


You had 10 spell levels left.
You didn't know any spells.
Your spell library contained the following spells:

 Spells                   Type           Power        Failure   Level  Hunger
 Magic Dart               Conj           #...         100%        1    ##.....
 Searing Ray              Conj           #.....       100%        2    ###....
 Dazzling Spray           Conj/Hex       #.....       100%        3    ####...
 Force Lance              Conj/Tloc      #.......     100%        4    #####..
 Fulminant Prism          Conj/Hex       #.........   100%        4    #####..
 Iskenderun's Mystic Bla  Conj           #.......     100%        4    #####..


Dungeon Overview and Level Annotations

Branches:
Dungeon (11/15)            Temple (1/1) D:7            Lair (0/6) D:10
    Orc (0/2) D:9

Altars:
Ashenzari
Cheibriados
Dithmenos
Elyvilon
Fedhas
Gozag
Hepliaklqana
Kikubaaqudgha
Makhleb
Nemelex Xobeh
Okawaru
Qazlal
Ru
Sif Muna
Trog
Uskayaw
Vehumet
Wu Jian
Xom
Yredelemnul
Zin
The Shining One

Shops:
D:9 :

Annotations:
D:11 Maurice


Innate Abilities, Weirdness & Mutations

You are resistant to torment.
Your stone body is resilient. (AC +8)
You are immune to poison.
You resist negative energy. (rN+)
You are resistant to electric shocks. (rElec)
You can survive without breathing.
You are immune to petrification.
You are immune to rotting.
You are frail. (-10% HP)
You evolve.


Message History

An arrow appears from out of thin air!
The arrow hits you but does no damage.
Things that are here:
an arrow; a centaur corpse You feel like a meek peon again.
There is an open door, spattered with blood here.
Items here: (( )) † a +0 shortbow; 2 large rocks; a +0 shortbow; 35 arrows; a centaur corpse You close the door, pushing everything out of the way.
You see here 35 arrows.
You start resting.
Something unseen opens the door.
You close the door.
Something unseen opens the door.
You close the door.
You are no longer corroded.
Something unseen opens the door.
You hear a zap.
A bolt of acid appears from out of thin air!
The bolt of acid hits you!
You die...

.......+.. #.........#
.......# #. #.........#
(......# #..#..(.{....#
.......# #......cc...#
.......# #.........#
##'##### #(### #.#
#..{# #.# #####'#####
#.# #...@))...# ##'####
#.........# ...<.)###
#.........#
......'.#####.........#
......#.....'.........#
......#######.........#
......# ###########
......# #######


There were no monsters in sight!

Vanquished Creatures
  2 two-headed ogres
  A cyclops (D:11)
  A manticore (D:10)
  A wyvern (D:8)
  2 wargs (D:9)
  A soldier ant (D:10)
  2 orc warriors
  An eye of draining (D:11)
  2 sky beasts
  2 black bears (D:6)
  2 ogres
  A necrophage (D:11)
  2 phantoms
  11 centaurs
  3 big kobolds
  4 bullfrogs
  A gnoll sergeant (D:8)
  4 scorpions
  10 killer bees
  A howler monkey (D:7)
  3 crimson imps
  A centaur zombie (D:10)
  3 orc priests
  2 bullfrog skeletons
  4 hounds
  A centaur skeleton (D:8)
  4 orc wizards
  A gnoll shaman (D:9)
  Jessica (D:2)
  5 iguanas
  9 worker ants
  2 hound zombies
  2 hound skeletons (D:4)
  2 worker ant zombies
  10 gnolls
  16 adders
  A shadow imp (D:11)
  2 oozes
  An adder skeleton (D:8)
  4 worms
  A dart slug (D:1)
  6 leopard geckos
  37 orcs
  6 giant cockroaches
  5 goblins
  9 hobgoblins
  13 jackals
  2 quokkas
  9 bats
  3 frilled lizards
  26 kobolds
  8 rats
253 creatures vanquished.

Notes
Turn   | Place    | Note
-------+----------+-------------------------------------------
     0 | D:1      | MTVSty1e the Gargoyle Fighter began the quest for the Orb.
     0 | D:1      | Reached XP level 1. HP: 14/14 MP: 1/1
   126 | D:1      | Reached XP level 2. HP: 18/19 MP: 2/2
   598 | D:1      | Reached skill level 3 in Maces & Flails
   598 | D:1      | Reached XP level 3. HP: 24/24 MP: 3/3
   726 | D:2      | Noticed Jessica
   732 | D:2      | Killed Jessica
   732 | D:2      | Reached XP level 4. HP: 29/29 MP: 4/4
  1148 | D:2      | Found a hide-covered altar of Uskayaw.
  1310 | D:2      | Reached skill level 4 in Maces & Flails
  1563 | D:2      | Reached XP level 5. HP: 34/34 MP: 5/5
  2188 | D:3      | Noticed a centaur
  2216 | D:2      | Reached skill level 5 in Maces & Flails
  2954 | D:3      | Killed a centaur
  2954 | D:3      | Reached skill level 5 in Fighting
  2954 | D:3      | Reached XP level 6. HP: 23/40 MP: 6/6
  3458 | D:4      | Reached skill level 6 in Maces & Flails
  3497 | D:4      | Reached XP level 7. HP: 42/44 MP: 7/7
  4115 | D:5      | Entered Level 5 of the Dungeon
  4130 | D:5      | Found a stormy altar of Qazlal.
  4411 | D:5      | Found an ornate altar of the Wu Jian Council.
  4638 | D:5      | Reached skill level 7 in Maces & Flails
  4851 | D:6      | Reached XP level 8. HP: 52/52 MP: 8/8
  5050 | D:6      | Reached skill level 8 in Maces & Flails
  5202 | D:7      | Found a blossoming altar of Fedhas.
  5451 | D:7      | Found a staircase to the Ecumenical Temple.
  5460 | Temple   | Entered the Ecumenical Temple
  5486 | Temple   | Became a worshipper of Warmaster Okawaru
  6383 | D:7      | Reached skill level 9 in Maces & Flails
  6850 | D:8      | Reached * piety under Okawaru
  6850 | D:8      | Reached XP level 9. HP: 58/59 MP: 9/9
  7004 | D:8      | Found a blossoming altar of Fedhas.
  7130 | D:8      | Reached skill level 10 in Maces & Flails
  7765 | D:9      | Found Liquul's Book Shop.
  7795 | D:9      | Reached ** piety under Okawaru
  8000 | D:9      | Reached skill level 11 in Maces & Flails
  8371 | D:9      | Reached XP level 10. HP: 66/66 MP: 10/10
  8418 | D:9      | Found a staircase to the Orcish Mines.
  8787 | D:10     | Entered Level 10 of the Dungeon
  8823 | D:10     | Noticed a two-headed ogre
  8868 | D:10     | Noticed a manticore
  9141 | D:10     | Killed a manticore
  9141 | D:10     | Reached *** piety under Okawaru
  9323 | D:10     | Killed a two-headed ogre
  9323 | D:10     | Reached skill level 10 in Fighting
  9323 | D:10     | Reached skill level 12 in Maces & Flails
  9703 | D:10     | Found a staircase to the Lair.
 10221 | D:11     | Noticed a two-headed ogre
 10233 | D:11     | Killed a two-headed ogre
 10233 | D:11     | Reached **** piety under Okawaru
 10391 | D:11     | Reached skill level 13 in Maces & Flails
 10466 | D:11     | Noticed a cyclops
 10467 | D:11     | Noticed Maurice
 10472 | D:11     | Reached XP level 11. HP: 64/73 MP: 11/11
 10486 | D:11     | Killed a cyclops
 10489 | D:11     | Gained mutation: You are frail. (-10% HP) [potion of
                  | mutation]
 10489 | D:11     | Gained mutation: You evolve. [potion of mutation]
 10499 | D:11     | Killed from afar by Maurice

Levels and vault maps discovered:
D:1:      matt_arrival_refuge, layout_basic, minmay_split_cup_small
D:2:      layout_loops_ring, lemuel_doored_altar, serial_glass, glass_columns_a,
          glass_columns_b, minmay_strange_pillars, item_on_display_a,
          uniq_jessica
D:3:      layout_rooms, minmay_vboxes
D:4:      layout_cave_pools, first_ration, minmay_misc_feat_cross,
          minmay_manual_mullet
D:5:      layout_cave_pools, nicolae_overflow_crystal_walls,
          nicolae_qazlal_general_emergency, minivault_5
D:6:      layout_rooms
D:7:      layout_loops_ring, minmay_temple_entry_statues_fountains, basic_altar,
          lemuel_flamethrower_2
D:8:      layout_loops_ring, old_standard_altar
D:9:      layout_roguey, minmay_orc_entry_guard_dogs, serial_shops,
          nicolae_shop_stone
D:10:     layout_layer_cave, dpeg_oklobed_lair
D:11:     layout_roguey, uniq_maurice, uniq_fannar
Temple:   regret_index_temple_mists

Skill      XL: |  1  2  3  4  5  6  7  8  9 10 11 |
---------------+----------------------------------+-----
Maces & Flails | 3 4 5 6 7 9 11 13 | 13.3
Fighting       | 4 5 6 7 9 10 11 | 11.0
Armour         | |  3.2
Shields        | |  3.2

Action                   |  1- 3 |  4- 6 |  7- 9 | 10-12 || total
-------------------------+-------+-------+-------+-------++-------
Melee: Flail             |   104 |   309 |   569 |   259 ||  1241
Invok: Heroism           |       |       |     2 |     3 ||     5
  Use: Scroll            |       |     6 |    12 |     2 ||    20
       Potion            |       |     6 |     3 |     2 ||    11
  Eat: Chunk             |       |     4 |     6 |       ||    10
       Ration            |       |     2 |     3 |     2 ||     7
Armor: Scale mail        |    56 |   212 |    69 |       ||   337
       Plate armour      |       |       |   390 |   116 ||   506
Dodge: Dodged            |    39 |   132 |   136 |    31 ||   338
Block: Shield            |    44 |   226 |   358 |   171 ||   799
       Reflection        |       |       |     1 |     8 ||     9
